 Dungeon Sprint DCSS version 0.30-a0-58-gc0703345a7 (webtiles) character file.

Game seed: 5051259932837358409

4 lesbiats the Cudgeller (level 1, 20/23 HPs)
             Began as an Ogre Gladiator on Sept 11, 2022.
             Quit the game in the Dungeon (Sprint IX: "|||||||||||||||||||||||||||||").
             The game lasted 00:01:31 (17 turns).

lesbiats the Cudgeller (Ogre Gladiator)               Turns: 17, Time: 00:01:32

Health: 20/23      AC:  3    Str: 17    XL:     1   Next: 70%
Magic:  1/1        EV: 10    Int:  9    God:
Gold:   0          SH:  0    Dex: 10    Spells: 0/0 levels left

rFire   . . .      SeeInvis .    a - +0 flail
rCold   . . .      Faith    .    (no shield)
rNeg    . . .      Spirit   .    b - +0 robe
rPois   .          Reflect  .    c - +0 hat
rElec   .          Harm     .    (no cloak)
rCorr   .          Rampage  .    (gloves unavailable)
Will    .....      NoTele   +    (boots unavailable)
Stlth   +.........               (no amulet)
HPRegen 0.07/turn                (no ring)
MPRegen 0.07/turn                (no ring)

@: no status effects
A: large, unfitting armour, tough skin 1
a: no special abilities


You were in the Dungeon.
You visited 1 branch

Inventory:

Hand Weapons
 a - a +0 flail (weapon)
Missiles
 d - 3 throwing nets
 e - a large rock (quivered)
Armour
 b - a +0 robe (worn)
 c - a +0 hat (worn)
Scrolls
 k - a scroll of blinking
Potions
 f - a potion of curing
 g - a potion of heal wounds
 h - a potion of haste
 i - 2 potions of magic
 j - a potion of berserk rage


   Skills:
 + Level 3.1 Fighting
 + Level 3.4 Maces & Flails
 - Level 2.0 Throwing
 + Level 3.3 Dodging


You couldn't memorise any spells.
You didn't know any spells.
Your spell library was empty.

Dungeon Overview and Level Annotations

Branches:
Dungeon (1/1)

Altars:


Innate Abilities, Weirdness & Mutations

You are too large for most types of armour.
You have tough skin. (AC +1)


Message History

Found a staircase leading out of the dungeon.
Your library has no spells.
You don't know any spells.
You open the door.
A kobold, an endoplasm, 2 hobgoblins and a giant cockroach come into view.
The kobold shouts!
The endoplasm quivers.
The hobgoblin shouts! x2
You sock the kobold!
You kill the kobold!
The endoplasm misses you.
There is an open door to the Dungeon here.
Things that are here:
a +0 dagger; a kobold corpse You thump the endoplasm!
You kill the endoplasm!
Your Maces & Flails skill increases to level 3!
Your Dodging skill increases to level 3!
You hit the hobgoblin but do no damage. The hobgoblin misses you.
You barely miss the hobgoblin. The hobgoblin completely misses you.
The hobgoblin misses you.
You thump the hobgoblin!
You kill the hobgoblin!
Your Fighting skill increases to level 3!
You hit the hobgoblin.
The hobgoblin is moderately wounded.
The hobgoblin hits you.
You hit the hobgoblin.
The hobgoblin is heavily wounded.
The hobgoblin misses you.
You barely miss the hobgoblin.
The hobgoblin is heavily wounded.
The hobgoblin barely misses you. The hobgoblin hits you.
You hit the hobgoblin.
You kill the hobgoblin!
You closely miss the giant cockroach.
The giant cockroach barely misses you. x2
You closely miss the giant cockroach. The giant cockroach closely misses you.
You barely miss the giant cockroach. The giant cockroach barely misses you.
The giant cockroach bites you.
Are you sure you want to abandon this character and quit the game? (Confirm with "yes".)

▓▓▓
▓<▓
▓.▓
▓.▓
▓.▓
▓@▓
▓B▓
▓.▓
▓.▓
▓.▓
▓.▓
▓+▓


You could see a giant cockroach.

Vanquished Creatures
  An endoplasm (D)
  2 hobgoblins (D)
  A kobold (D)
4 creatures vanquished.

Notes
Turn   | Place    | Note
-------+----------+-------------------------------------------
     0 | D        | lesbiats the Ogre Gladiator began the quest for the Orb.
     0 | D        | Reached XP level 1. HP: 22/22 MP: 1/1
    17 | D        | Quit the game

Illustrated notes

Levels and vault maps discovered:
D:        linesprint [early_d, line_temple, items_1, d_10, items_2, lair_1,
          lair_end, items_3, orc_1, orc_end, items_4, d_15, swamp_1, shoals_1,
          snake_1, spider_1, d_20, vaults_1, items_5, swamp_end, shoals_end,
          snake_end, spider_end, vaults_end, d_27, items_6, zot_1, zot_end,
          crypt_end, forest_end, elf_end, slime_end, tomb_end, abyss_end,
          pan_hell_end]

Skill      XL: |  1 |
---------------+----+-----
Maces & Flails | 3 |  3.4
Dodging        | 3 |  3.3
Fighting       | 3 |  3.1
Throwing       | |  2.0

Action                   || total
-------------------------++-------
Melee: Flail             ||    12
Dodge: Dodged            ||    10

Table legend: (Time is in decaauts)
 A = Elapsed time spent in this place.
 B = Non-inter-level travel time spent in this place.
 C = Inter-level travel time spent in this place.
 D = Time resting spent in this place.
 E = Time spent auto-exploring this place.
 F = Levels seen in this place.
 G = Mean time per level.
                   A        B        C        D        E       F      G
               +--------+--------+--------+--------+--------+-----+--------+
         Total |     20 |     20 |      0 |      0 |      0 |   1 |   20.0 |
       Dungeon |     20 |     20 |      0 |      0 |      0 |   1 |   20.0 |
               +--------+--------+--------+--------+--------+-----+--------+

Top non-repeatable levels by time:
       D: 20 daAuts
